Thunderbirds vs Icehogs
Created - February 27, 2022 at 19:39
Goals
|
| Thunderbirds |
2 |
1 |
1 |
4 |
| Icehogs |
2 |
0 |
1 |
3 |
|
Shots
|
| Thunderbirds |
12 |
15 |
6 |
33 |
| Icehogs |
19 |
5 |
3 |
27 |
|
1st period
1. Thunderbirds , Jerry D'Amigo 13 (John Draeger 10, Kirill Kaprizov 17) at 5:21 (PP)
2. Icehogs , Stefan Matteau 8 (Ben Harpur 19, Frederik Gauthier 15) at 10:58
3. Icehogs , Frederik Gauthier 5 (Stefan Matteau 6, Mike Amadio 9) at 13:12
4. Thunderbirds , Quinton Howden 18 (Kirill Kaprizov 18) at 15:15
Penalties :
Ben Harpur (Roc) for Hooking (Minor) at 0:19, Duncan Siemens (Roc) for Slashing (Minor) at 5:05
2nd period
5. Thunderbirds , Quinton Howden 19 (Kirill Kaprizov 19) at 4:53 (PP)
Penalties :
Craig Cunningham (Roc) for Hooking (Minor) at 4:44
3rd period
6. Icehogs , Frederik Gauthier 6 (Craig Cunningham 11, Stefan Matteau 7) at 10:02
7. Thunderbirds , Mitchell Heard 11 (Hudson Fasching 8, Kirill Kaprizov 20) at 16:55
Penalties :
Quinton Howden (Spr) for High sticking (Minor) at 0:11, Kirill Kaprizov (Spr) for Tripping (Minor) at 0:56, John Draeger (Spr) for Slashing (Double Minor) at 5:49, Craig Cunningham (Roc) for Slashing (Minor) at 7:30, Stefan Matteau (Roc) for Hooking (Minor) at 13:36, Stefan Matteau (Roc) for Holding (Minor) at 19:24, Niklas Hansson (Spr) for Hooking (Minor) at 19:29
Goalie Stats
Carter Hutton (Spr), 24 saves from 27 shots - (0.889), W, 13-4-3, 60:00 minutes
Joe Cannata (Roc), 29 saves from 33 shots - (0.879), L, 10-11-1, 59:31 minutes
Players Stats for Thunderbirds
Player Name G A P +/- PIM S H SB GA TA FO MP PP MP PK MP
------------------------------------------------------------------------------------
Artur Kayumov 0 0 0 0 0 0 1 0 0 0 0/0 7:46 0:00 0:00
Elias Lindholm 0 0 0 0 0 4 1 0 0 0 5/16 17:24 1:59 1:42
Griffin Reinhart 0 0 0 -1 0 0 2 1 2 0 0/0 25:16 2:43 2:04
Hudson Fasching 0 1 1 1 0 0 0 0 0 0 0/0 11:55 0:03 0:31
Jake Walman 0 0 0 0 0 0 0 2 0 0 0/0 14:52 0:00 1:08
Jerry D'Amigo 1 0 1 -1 0 4 2 1 1 1 0/1 18:05 2:26 0:00
John Draeger 0 1 1 -2 4 3 1 1 0 0 0/0 19:50 1:45 1:45
Kirill Kaprizov 0 4 4 -1 2 2 1 0 1 0 1/2 21:04 2:25 0:50
Matt Puempel 0 0 0 0 0 0 3 0 0 0 0/1 15:38 1:59 0:16
Michal Jordan 0 0 0 -1 0 3 0 3 0 1 0/0 20:19 1:45 1:51
Mitchell Heard 1 0 1 1 0 2 2 0 0 0 2/9 12:10 0:00 0:38
Nicklas Jensen 0 0 0 0 0 1 0 0 2 0 0/0 7:46 0:00 0:00
Niklas Hansson 0 0 0 0 2 3 4 1 0 1 0/0 26:32 2:42 2:24
Quinton Howden 2 0 2 -2 2 6 1 0 0 1 13/29 22:05 2:25 1:45
Roberts Lipsbergs 0 0 0 1 0 0 1 0 0 0 0/0 11:28 0:04 0:00
Tanner Laczynski 0 0 0 0 0 1 0 0 0 0 0/4 7:53 0:04 0:00
Tom Kuhnhackl 0 0 0 -1 0 4 1 0 1 0 0/0 18:03 1:59 2:31
Viktor Baldayev 0 0 0 1 0 0 1 1 0 1 0/0 13:23 0:00 0:16
Players Stats for Icehogs
Player Name G A P +/- PIM S H SB GA TA FO MP PP MP PK MP
------------------------------------------------------------------------------------
Andrew Mangiapane 0 0 0 0 0 0 3 0 0 0 0/0 12:29 0:00 1:23
Ben Harpur 0 1 1 1 2 0 0 2 0 2 0/0 6:56 0:00 0:16
Craig Cunningham 0 1 1 1 4 1 2 1 0 0 0/0 18:01 2:26 1:18
Curtis Lazar 0 0 0 0 0 2 0 1 1 1 2/3 16:58 2:08 0:00
Dillon Dube 0 0 0 0 0 0 1 0 0 0 0/2 8:19 0:00 0:00
Duncan Siemens 0 0 0 -1 2 0 2 0 0 0 0/0 18:21 1:47 1:41
Frederik Gauthier 2 1 3 2 0 8 3 2 1 0 26/33 23:48 2:36 2:48
Kevin Fiala 0 0 0 0 0 1 1 1 0 0 0/0 6:45 0:00 0:00
Kurtis Gabriel 0 0 0 0 0 0 2 0 0 0 0/0 8:51 0:00 0:00
Michael Chaput 0 0 0 0 0 4 5 0 2 1 5/9 20:05 2:08 1:47
Mike Amadio 0 1 1 0 0 1 2 4 0 0 0/2 18:15 2:17 0:00
Mike Reilly 0 0 0 1 0 0 1 2 0 1 0/0 25:12 2:55 2:06
Mikhail Grigorenko 0 0 0 0 0 0 1 1 0 0 0/0 8:32 0:00 0:00
Nick Mattson 0 0 0 1 0 0 2 3 0 0 0/0 19:41 1:19 0:37
Patrick Sieloff 0 0 0 -2 0 1 0 0 0 1 0/0 20:14 0:00 1:17
Petter Granberg 0 0 0 2 0 0 3 2 0 1 0/0 27:42 3:27 2:59
Stefan Matteau 1 2 3 1 4 8 2 0 1 0 1/4 21:28 2:36 1:22
Tanner Richard 0 0 0 -1 0 1 0 0 0 0 7/9 11:20 0:00 0:18
3 Stars
1 - Frederik Gauthier (Roc)
2 - Stefan Matteau (Roc)
3 - Mitchell Heard (Spr)
Power Play
Thunderbirds - 2 on 6 Attempt(s) - 33.33%
Icehogs - 0 on 5 Attempt(s) - 0.00%
Penalty Kill
Thunderbirds - 5 on 5 Attempt(s) - 100.00%
- Score 0 goal in Penalty Kill
Icehogs - 4 on 6 Attempt(s) - 66.67%
- Score 0 goal in Penalty Kill
Team Stat
Thunderbirds - Hits : 21 - Faceoff Wins : 21 - Blocked Shots : 10 - Penalty Minutes : 10
Icehogs - Hits : 30 - Faceoff Wins : 41 - Blocked Shots : 19 - Penalty Minutes : 12
Official
Referees : Kendrick Nicholson and Brian Pochmara
Linesman : James Tobias and Shandor Alphonso
Game Notes
10:48 of 1st period - Thunderbirds goal is going for a video replay. After video review, No Goal. The attacking player has interfered with a goalkeeper in his goal crease.
Ben Harpur is injured at 15:29 of 1st period (Broken Bone (Right Foot))
Kevin Fiala is injured at 14:48 of 2nd period (Bruised Left Arm)
Finance
Level 1 -- Attendance: 2000 (100.00%) -- Ticket Income $70,000
Level 2 -- Attendance: 871 (87.10%) -- Ticket Income $13,065
Total Attendance: 2871 (95.70%)
Total Ticket Income: $83,065
Other Income: $4,153
Total Income: $87,218
Thunderbirds
5 vs 5 Forward
Center Left Wing Right Wing Time % Phy DF OF
1 Quinton Howden Kirill Kaprizov Jerry D'Amigo 40 0 2 3
2 Elias Lindholm Matt Puempel Tom Kuhnhackl 30 0 2 3
3 Mitchell Heard Roberts Lipsbergs Hudson Fasching 20 1 2 2
4 Tanner Laczynski Artur Kayumov Nicklas Jensen 10 0 2 3
5 vs 5 Defense
Defense Defense Time % Phy DF OF
1 Griffin Reinhart Niklas Hansson 40 0 2 3
2 Michal Jordan John Draeger 30 1 2 2
3 Viktor Baldayev Jake Walman 20 1 2 2
4 Griffin Reinhart Niklas Hansson 10 0 2 3
PowerPlay Forward
Center Left Wing Right Wing Time % Phy DF OF
1 Quinton Howden Kirill Kaprizov Jerry D'Amigo 60 0 1 4
2 Elias Lindholm Matt Puempel Tom Kuhnhackl 40 0 1 4
PowerPlay Defense
Defense Defense Time % Phy DF OF
1 Griffin Reinhart Niklas Hansson 60 0 2 3
2 Michal Jordan John Draeger 40 0 2 3
Penalty Kill 4 Players Forward
Center Wing Time % Phy DF OF
1 Quinton Howden Tom Kuhnhackl 60 1 3 1
2 Elias Lindholm Hudson Fasching 40 1 3 1
Penalty Kill 4 Players Defense
Defense Defense Time % Phy DF OF
1 John Draeger Niklas Hansson 60 1 4 0
2 Griffin Reinhart Michal Jordan 40 1 4 0
Penalty Kill - 3 Players Forward
Forward Time % Phy DF OF
1 Quinton Howden 60 1 3 1
2 Tom Kuhnhackl 40 1 3 1
Penalty Kill - 3 Players Defense
Defense Defense Time % Phy DF OF
1 John Draeger Niklas Hansson 60 1 4 0
2 Griffin Reinhart Michal Jordan 40 1 4 0
4 vs 4 Forward
Center Wing Time % Phy DF OF
1 Quinton Howden Kirill Kaprizov 60 0 2 3
2 Elias Lindholm Jerry D'Amigo 40 0 2 3
4 vs 4 Defense
Defense Defense Time % Phy DF OF
1 Griffin Reinhart Niklas Hansson 60 0 2 3
2 Michal Jordan John Draeger 40 0 2 3
Last Minutes Offensive
Center Left Wing Right Wing Defense Defense
Quinton Howden Kirill Kaprizov Jerry D'Amigo Griffin Reinhart Niklas Hansson
Last Minutes Defensive
Center Left Wing Right Wing Defense Defense
Quinton Howden Kirill Kaprizov Jerry D'Amigo John Draeger Niklas Hansson
Goaltenders
Starting : Carter Hutton
Backup : Igor Bobkov
Extra Forwards
Normal : Elias Lindholm, Kirill Kaprizov, Quinton Howden - PP : Tanner Laczynski, Jerry D'Amigo - PK : Kirill Kaprizov
Extra Defensemen
Normal : Michal Jordan, Griffin Reinhart, Niklas Hansson - PP : Jake Walman - PK : John Draeger, Niklas Hansson
Penalty Shots
Tanner Laczynski, Tom Kuhnhackl, Quinton Howden, Elias Lindholm, Kirill Kaprizov
Scratches
Austin Poganski (Healthy), Connor Honey (Healthy), Dmytro Timashov (Healthy), Keaton Thompson (Healthy), Kyle Platzer (Healthy)
Lukas Vejdemo (Healthy), Michael McCarron (Healthy), Nelson Nogier (Healthy), Clayton Keller (Healthy), Calvin Thurkauf (Healthy)
Niklas Treutle (Healthy), Artyom Zagidulin (Healthy)
Icehogs
5 vs 5 Forward
Center Left Wing Right Wing Time % Phy DF OF
1 Frederik Gauthier Stefan Matteau Mike Amadio 40 1 2 2
2 Michael Chaput Craig Cunningham Curtis Lazar 30 1 2 2
3 Tanner Richard Andrew Mangiapane Kevin Fiala 20 1 2 2
4 Dillon Dube Mikhail Grigorenko Kurtis Gabriel 10 1 2 2
5 vs 5 Defense
Defense Defense Time % Phy DF OF
1 Petter Granberg Ben Harpur 40 1 2 2
2 Nick Mattson Mike Reilly 30 1 2 2
3 Patrick Sieloff Duncan Siemens 20 1 2 2
4 Petter Granberg Ben Harpur 10 1 2 2
PowerPlay Forward
Center Left Wing Right Wing Time % Phy DF OF
1 Frederik Gauthier Stefan Matteau Mike Amadio 60 1 2 2
2 Michael Chaput Craig Cunningham Curtis Lazar 40 1 2 2
PowerPlay Defense
Defense Defense Time % Phy DF OF
1 Petter Granberg Ben Harpur 60 1 2 2
2 Nick Mattson Mike Reilly 40 1 2 2
Penalty Kill 4 Players Forward
Center Wing Time % Phy DF OF
1 Frederik Gauthier Stefan Matteau 60 1 2 2
2 Michael Chaput Craig Cunningham 40 1 2 2
Penalty Kill 4 Players Defense
Defense Defense Time % Phy DF OF
1 Petter Granberg Ben Harpur 60 1 2 2
2 Nick Mattson Mike Reilly 40 1 2 2
Penalty Kill - 3 Players Forward
Forward Time % Phy DF OF
1 Frederik Gauthier 60 1 2 2
2 Michael Chaput 40 1 2 2
Penalty Kill - 3 Players Defense
Defense Defense Time % Phy DF OF
1 Petter Granberg Ben Harpur 60 1 2 2
2 Nick Mattson Mike Reilly 40 1 2 2
4 vs 4 Forward
Center Wing Time % Phy DF OF
1 Frederik Gauthier Stefan Matteau 60 1 2 2
2 Michael Chaput Craig Cunningham 40 1 2 2
4 vs 4 Defense
Defense Defense Time % Phy DF OF
1 Petter Granberg Ben Harpur 60 1 2 2
2 Nick Mattson Mike Reilly 40 1 2 2
Last Minutes Offensive
Center Left Wing Right Wing Defense Defense
Frederik Gauthier Stefan Matteau Mike Amadio Petter Granberg Ben Harpur
Last Minutes Defensive
Center Left Wing Right Wing Defense Defense
Frederik Gauthier Stefan Matteau Mike Amadio Petter Granberg Ben Harpur
Goaltenders
Starting : Joe Cannata
Backup : Mackenzie Blackwood
Extra Forwards
Normal : Michael Chaput, Tanner Richard, Andrew Mangiapane - PP : Michael Chaput, Tanner Richard - PK : Michael Chaput
Extra Defensemen
Normal : Mike Reilly, Patrick Sieloff, Duncan Siemens - PP : Mike Reilly - PK : Mike Reilly, Patrick Sieloff
Penalty Shots
Stefan Matteau, Frederik Gauthier, Mike Amadio, Craig Cunningham, Michael Chaput
Scratches
Calle Andersson (Healthy), Clark Bishop (Healthy), JJ. Piccinich (Healthy), Julius Honka (Broken Bone (Right Ankle) Injury), Mattias Janmark (Healthy)
Myles Bell (Healthy), Nick Paul (Healthy), Nikita Scherbak (Healthy), Patrick Russell (Healthy), Ross Johnston (Healthy)
Zach Whitecloud (Healthy), Jeremy Davies (Healthy), Jackson Cates (Healthy), Michael Giugovaz (Healthy), Jack LaFontaine (Healthy)
% Time on Ice - Thunderbirds
Lines # - Real PCT - Wanted PCT - Time Play
Normal Forward
1 - 33% - 40% - 15:54
2 - 27% - 30% - 12:43
3 - 24% - 20% - 11:21
4 - 16% - 10% - 7:46
Normal Defense
1 - 38% - 40% - 18:08
2 - 31% - 30% - 14:46
3 - 27% - 20% - 13:07
4 - 4% - 10% - 1:43
PP Forward
1 - 56% - 60% - 2:29
2 - 44% - 40% - 1:59
PP Defense
1 - 61% - 60% - 2:43
2 - 39% - 40% - 1:45
PK Forward
1 - 85% - 60% - 2:59
2 - 15% - 40% - 0:31
PK Defense
1 - 68% - 60% - 2:23
2 - 32% - 40% - 1:07
PK3 Forward
1 - 100% - 60% - 1:14
2 - 0% - 40% - 0:00
PK3 Defense
1 - 70% - 60% - 0:52
2 - 30% - 40% - 0:22
44 Forward
1 - 100% - 60% - 2:29
2 - 0% - 40% - 0:00
44 Defense
1 - 42% - 60% - 1:02
2 - 58% - 40% - 1:27
Last Minute Offensive - 0:00
Last Minute Defensive - 0:35
Total
Forward - 60:00
Defense - 60:00
|
% Time on Ice - Icehogs
Lines # - Real PCT - Wanted PCT - Time Play
Normal Forward
1 - 33% - 40% - 15:45
2 - 28% - 30% - 13:30
3 - 21% - 20% - 10:11
4 - 17% - 10% - 8:19
Normal Defense
1 - 42% - 40% - 19:55
2 - 31% - 30% - 14:42
3 - 19% - 20% - 9:05
4 - 8% - 10% - 4:03
PP Forward
1 - 55% - 60% - 2:36
2 - 45% - 40% - 2:08
PP Defense
1 - 79% - 60% - 3:44
2 - 21% - 40% - 1:00
PK Forward
1 - 84% - 60% - 3:44
2 - 16% - 40% - 0:44
PK Defense
1 - 86% - 60% - 3:51
2 - 14% - 40% - 0:37
PK3 Forward
1 - 0% - 60%
2 - 0% - 40%
PK3 Defense
1 - 0% - 60%
2 - 0% - 40%
44 Forward
1 - 94% - 60% - 2:20
2 - 6% - 40% - 0:09
44 Defense
1 - 70% - 60% - 1:44
2 - 30% - 40% - 0:45
Last Minute Offensive - 0:34
Last Minute Defensive - 0:00
Total
Forward - 60:00
Defense - 60:00
|
Play-by-Play
1st period
0:01 of 1st period - Frederik Gauthier wins face-off versus Jerry D'Amigo in neutral zone.
0:19 of 1st period - Minor Penalty to Ben Harpur for Hooking.
0:20 of 1st period - Frederik Gauthier wins face-off versus Quinton Howden in Icehogs zone.
0:36 of 1st period - Stefan Matteau is hit by Jerry D'Amigo and loses puck.
2:19 of 1st period - Penalty to Ben Harpur is over, Ben Harpur is back on ice.
3:25 of 1st period - Snap shot by Frederik Gauthier.
3:25 of 1st period - Stopped by Carter Hutton without a rebound.
3:26 of 1st period - Tanner Richard wins face-off versus Mitchell Heard in Thunderbirds zone.
4:50 of 1st period - Niklas Hansson is hit by Duncan Siemens and loses puck.
5:05 of 1st period - Minor Penalty to Duncan Siemens for Slashing.
5:06 of 1st period - Quinton Howden wins face-off versus Stefan Matteau in Icehogs zone.
5:13 of 1st period - Snap shot by Kirill Kaprizov.
5:13 of 1st period - Stopped by Joe Cannata with a rebound.
5:15 of 1st period - Wrist shot by Jerry D'Amigo.
5:15 of 1st period - Shot Misses the Net.
5:17 of 1st period - Slapshot by John Draeger.
5:17 of 1st period - Shot Blocked by Petter Granberg.
5:19 of 1st period - Snap shot by John Draeger.
5:19 of 1st period - Shot Blocked by Petter Granberg.
5:21 of 1st period - Wrist shot by Jerry D'Amigo.
5:21 of 1st period - Goal by Jerry D'Amigo - Thunderbirds : 1 - Icehogs : 0.
5:22 of 1st period - Frederik Gauthier wins face-off versus Elias Lindholm in neutral zone.
5:27 of 1st period - Snap shot by Frederik Gauthier.
5:27 of 1st period - Stopped by Carter Hutton with a rebound.
5:37 of 1st period - Snap shot by Tom Kuhnhackl.
5:37 of 1st period - Shot Misses the Net.
6:05 of 1st period - Off-side.
6:06 of 1st period - Tanner Richard wins face-off versus Tanner Laczynski in neutral zone.
6:21 of 1st period - Wrist shot by Tanner Laczynski.
6:21 of 1st period - Shot Misses the Net.
6:40 of 1st period - Snap shot by Tanner Laczynski.
6:40 of 1st period - Shot Misses the Net.
6:46 of 1st period - Michal Jordan is hit by Michael Chaput and loses puck.
7:02 of 1st period - Wrist shot by Quinton Howden.
7:02 of 1st period - Shot Blocked by Nick Mattson.
7:04 of 1st period - Slapshot by John Draeger.
7:04 of 1st period - Stopped by Joe Cannata with a rebound.
7:06 of 1st period - Snap shot by John Draeger.
7:06 of 1st period - Shot Blocked by Nick Mattson.
7:20 of 1st period - Tom Kuhnhackl is hit by Nick Mattson and loses puck.
7:45 of 1st period - Snap shot by Michael Chaput.
7:45 of 1st period - Shot Misses the Net.
7:47 of 1st period - Wrist shot by Michael Chaput.
7:47 of 1st period - Stopped by Carter Hutton without a rebound.
7:48 of 1st period - Quinton Howden wins face-off versus Michael Chaput in Thunderbirds zone.
8:03 of 1st period - Snap shot by Michael Chaput.
8:03 of 1st period - Stopped by Carter Hutton with a rebound.
8:12 of 1st period - Icing by Jerry D'Amigo.
8:13 of 1st period - Frederik Gauthier wins face-off versus Mitchell Heard in Thunderbirds zone.
8:16 of 1st period - Wrist shot by Frederik Gauthier.
8:16 of 1st period - Deflect By Stefan Matteau.
8:16 of 1st period - Shot Blocked by Jake Walman.
8:16 of 1st period - Puck is out of play.
8:17 of 1st period - Frederik Gauthier wins face-off versus Mitchell Heard in Thunderbirds zone.
8:44 of 1st period - Wrist shot by Curtis Lazar.
8:44 of 1st period - Shot Misses the Net.
9:10 of 1st period - Wrist shot by Andrew Mangiapane.
9:10 of 1st period - Deflect By Tanner Richard.
9:10 of 1st period - Shot Blocked by Niklas Hansson.
9:10 of 1st period - Puck is out of play.
9:11 of 1st period - Frederik Gauthier wins face-off versus Elias Lindholm in Thunderbirds zone.
9:22 of 1st period - Snap shot by Stefan Matteau.
9:22 of 1st period - Stopped by Carter Hutton without a rebound.
9:23 of 1st period - Frederik Gauthier wins face-off versus Kirill Kaprizov in Thunderbirds zone.
9:26 of 1st period - Wrist shot by Mike Amadio.
9:26 of 1st period - Shot Misses the Net.
9:28 of 1st period - Slapshot by Petter Granberg.
9:28 of 1st period - Shot Misses the Net.
9:30 of 1st period - Backhand shot by Mike Amadio.
9:30 of 1st period - Stopped by Carter Hutton without a rebound.
9:31 of 1st period - Frederik Gauthier wins face-off versus Quinton Howden in Thunderbirds zone.
9:32 of 1st period - Snap shot by Stefan Matteau.
9:32 of 1st period - Stopped by Carter Hutton with a rebound.
9:34 of 1st period - Wrist shot by Frederik Gauthier.
9:34 of 1st period - Stopped by Carter Hutton with a rebound.
9:36 of 1st period - Snap shot by Frederik Gauthier.
9:36 of 1st period - Shot Misses the Net.
10:02 of 1st period - Wrist shot by Frederik Gauthier.
10:02 of 1st period - Shot Misses the Net.
10:04 of 1st period - Snap shot by Mike Amadio.
10:04 of 1st period - Shot Blocked by Michal Jordan.
10:06 of 1st period - Wrist shot by Mike Amadio.
10:06 of 1st period - Shot Blocked by Michal Jordan.
10:08 of 1st period - Slapshot by Ben Harpur.
10:08 of 1st period - Shot Blocked by John Draeger.
10:10 of 1st period - Snap shot by Mike Amadio.
10:10 of 1st period - Deflect By Stefan Matteau.
10:10 of 1st period - Stopped by Carter Hutton without a rebound.
10:11 of 1st period - Michael Chaput wins face-off versus Elias Lindholm in Thunderbirds zone.
10:44 of 1st period - Snap shot by Matt Puempel.
10:44 of 1st period - Shot Misses the Net.
10:46 of 1st period - Slapshot by Niklas Hansson.
10:46 of 1st period - Shot Misses the Net.
10:48 of 1st period - Slapshot by Griffin Reinhart.
10:48 of 1st period - Deflect By Elias Lindholm.
10:48 of 1st period - Thunderbirds goal is going for a video replay.
10:48 of 1st period - The goal is refused. The attacking player has interfered with a goalkeeper in his goal crease..
10:49 of 1st period - Frederik Gauthier wins face-off versus Quinton Howden in Icehogs zone.
10:56 of 1st period - Snap shot by Stefan Matteau.
10:56 of 1st period - Stopped by Carter Hutton with a rebound.
10:58 of 1st period - Snap shot by Stefan Matteau.
10:58 of 1st period - Goal by Stefan Matteau - Thunderbirds : 1 - Icehogs : 1.
10:59 of 1st period - Quinton Howden wins face-off versus Frederik Gauthier in neutral zone.
11:04 of 1st period - Wrist shot by Quinton Howden.
11:04 of 1st period - Shot Blocked by Mike Amadio.
11:06 of 1st period - Slapshot by Niklas Hansson.
11:06 of 1st period - Shot Blocked by Ben Harpur.
11:08 of 1st period - Snap shot by Quinton Howden.
11:08 of 1st period - Shot Blocked by Mike Amadio.
11:24 of 1st period - Griffin Reinhart is hit by Michael Chaput and loses puck.
11:45 of 1st period - Snap shot by Mitchell Heard.
11:45 of 1st period - Stopped by Joe Cannata with a rebound.
12:05 of 1st period - Slapshot by Ben Harpur.
12:05 of 1st period - Shot Blocked by Viktor Baldayev.
12:27 of 1st period - Wrist shot by Frederik Gauthier.
12:27 of 1st period - Shot Misses the Net.
12:29 of 1st period - Wrist shot by Mike Amadio.
12:29 of 1st period - Shot Misses the Net.
12:37 of 1st period - Wrist shot by Stefan Matteau.
12:37 of 1st period - Stopped by Carter Hutton without a rebound.
12:38 of 1st period - Michael Chaput wins face-off versus Elias Lindholm in Thunderbirds zone.
13:12 of 1st period - Wrist shot by Frederik Gauthier.
13:12 of 1st period - Goal by Frederik Gauthier - Thunderbirds : 1 - Icehogs : 2.
13:13 of 1st period - Frederik Gauthier wins face-off versus Quinton Howden in neutral zone.
13:24 of 1st period - Wrist shot by Griffin Reinhart.
13:24 of 1st period - Deflect By Kirill Kaprizov.
13:24 of 1st period - Stopped by Joe Cannata with a rebound.
13:26 of 1st period - Slapshot by Niklas Hansson.
13:26 of 1st period - Shot Blocked by Frederik Gauthier.
13:28 of 1st period - Snap shot by Niklas Hansson.
13:28 of 1st period - Stopped by Joe Cannata without a rebound.
13:29 of 1st period - Elias Lindholm wins face-off versus Michael Chaput in Icehogs zone.
13:38 of 1st period - Wrist shot by Tom Kuhnhackl.
13:38 of 1st period - Shot Misses the Net.
13:40 of 1st period - Snap shot by Elias Lindholm.
13:40 of 1st period - Shot Blocked by Craig Cunningham.
13:42 of 1st period - Snap shot by Tom Kuhnhackl.
13:42 of 1st period - Stopped by Joe Cannata with a rebound.
14:58 of 1st period - Snap shot by Tom Kuhnhackl.
14:58 of 1st period - Deflect By Elias Lindholm.
14:58 of 1st period - Shot Misses the Net.
14:58 of 1st period - Puck is out of play.
14:59 of 1st period - Michael Chaput wins face-off versus Elias Lindholm in Icehogs zone.
15:03 of 1st period - Off-side.
15:04 of 1st period - Quinton Howden wins face-off versus Frederik Gauthier in neutral zone.
15:07 of 1st period - Snap shot by Quinton Howden.
15:07 of 1st period - Deflect By Stefan Matteau.
15:07 of 1st period - Shot Blocked by Mike Amadio.
15:07 of 1st period - Puck is out of play.
15:08 of 1st period - Quinton Howden wins face-off versus Stefan Matteau in Icehogs zone.
15:09 of 1st period - Slapshot by Kirill Kaprizov.
15:09 of 1st period - Shot Blocked by Mike Amadio.
15:15 of 1st period - Snap shot by Quinton Howden.
15:15 of 1st period - Goal by Quinton Howden - Thunderbirds : 2 - Icehogs : 2.
15:16 of 1st period - Quinton Howden wins face-off versus Frederik Gauthier in neutral zone.
15:25 of 1st period - Snap shot by Quinton Howden.
15:25 of 1st period - Shot Misses the Net.
15:27 of 1st period - Slapshot by Griffin Reinhart.
15:27 of 1st period - Shot Misses the Net.
15:29 of 1st period - Snap shot by Jerry D'Amigo.
15:29 of 1st period - Shot Blocked by Ben Harpur.
15:29 of 1st period - Ben Harpur from Icehogs is injured at 15:29 of 1st period (Broken Bone (Right Foot)).
15:30 of 1st period - Elias Lindholm wins face-off versus Michael Chaput in Icehogs zone.
15:37 of 1st period - Snap shot by Elias Lindholm.
15:37 of 1st period - Deflect By Tom Kuhnhackl.
15:37 of 1st period - Stopped by Joe Cannata with a rebound.
15:39 of 1st period - Snap shot by Matt Puempel.
15:39 of 1st period - Shot Blocked by Nick Mattson.
15:41 of 1st period - Snap shot by Elias Lindholm.
15:41 of 1st period - Shot Misses the Net.
15:43 of 1st period - Wrist shot by Elias Lindholm.
15:43 of 1st period - Stopped by Joe Cannata with a rebound.
15:45 of 1st period - Snap shot by Tom Kuhnhackl.
15:45 of 1st period - Stopped by Joe Cannata with a rebound.
16:04 of 1st period - Wrist shot by Curtis Lazar.
16:04 of 1st period - Stopped by Carter Hutton with a rebound.
16:06 of 1st period - Slapshot by Patrick Sieloff.
16:06 of 1st period - Deflect By Griffin Reinhart.
16:06 of 1st period - Stopped by Carter Hutton with a rebound.
16:08 of 1st period - Snap shot by Craig Cunningham.
16:08 of 1st period - Shot Blocked by Griffin Reinhart.
16:18 of 1st period - Craig Cunningham is hit by Niklas Hansson and loses puck.
16:25 of 1st period - Slapshot by Curtis Lazar.
16:25 of 1st period - Stopped by Carter Hutton with a rebound.
16:27 of 1st period - Snap shot by Michael Chaput.
16:27 of 1st period - Shot Hit the Post.
16:29 of 1st period - Wrist shot by Michael Chaput.
16:29 of 1st period - Stopped by Carter Hutton with a rebound.
16:31 of 1st period - Slapshot by Craig Cunningham.
16:31 of 1st period - Stopped by Carter Hutton without a rebound.
16:32 of 1st period - Frederik Gauthier wins face-off versus Quinton Howden in Thunderbirds zone.
16:43 of 1st period - Wrist shot by Kirill Kaprizov.
16:43 of 1st period - Shot Misses the Net.
17:01 of 1st period - Wrist shot by Kurtis Gabriel.
17:01 of 1st period - Deflect By Mikhail Grigorenko.
17:01 of 1st period - Shot Misses the Net.
17:01 of 1st period - Puck is out of play.
17:02 of 1st period - Elias Lindholm wins face-off versus Dillon Dube in Thunderbirds zone.
18:28 of 1st period - Viktor Baldayev is hit by Kurtis Gabriel and loses puck.
18:49 of 1st period - Stefan Matteau is hit by Viktor Baldayev.
19:28 of 1st period - Snap shot by Kevin Fiala.
19:28 of 1st period - Stopped by Carter Hutton with a rebound.
19:52 of 1st period - Dillon Dube is hit by Roberts Lipsbergs and loses puck.
Goals for this period are 2 for Thunderbirds vs 2 for Icehogs.
Shots for this period are 12 for Thunderbirds vs 19 for Icehogs.
2nd period
0:01 of 2nd period - Frederik Gauthier wins face-off versus Quinton Howden in neutral zone.
0:04 of 2nd period - Slapshot by Mike Reilly.
0:04 of 2nd period - Shot Misses the Net.
0:06 of 2nd period - Slapshot by Frederik Gauthier.
0:06 of 2nd period - Stopped by Carter Hutton with a rebound.
0:08 of 2nd period - Slapshot by Nick Mattson.
0:08 of 2nd period - Shot Misses the Net.
0:10 of 2nd period - Snap shot by Frederik Gauthier.
0:10 of 2nd period - Stopped by Carter Hutton without a rebound.
0:11 of 2nd period - Quinton Howden wins face-off versus Mike Amadio in Thunderbirds zone.
0:11 of 2nd period - Quinton Howden is hit by Mike Amadio.
0:17 of 2nd period - Slapshot by Griffin Reinhart.
0:17 of 2nd period - Deflect By Kirill Kaprizov.
0:17 of 2nd period - Shot Blocked by Frederik Gauthier.
0:17 of 2nd period - Puck is out of play.
0:18 of 2nd period - Frederik Gauthier wins face-off versus Quinton Howden in Icehogs zone.
0:31 of 2nd period - Slapshot by Griffin Reinhart.
0:31 of 2nd period - Shot Misses the Net.
0:33 of 2nd period - Snap shot by Quinton Howden.
0:33 of 2nd period - Stopped by Joe Cannata without a rebound.
0:34 of 2nd period - Elias Lindholm wins face-off versus Tanner Richard in Icehogs zone.
0:41 of 2nd period - Slapshot by Elias Lindholm.
0:41 of 2nd period - Stopped by Joe Cannata with a rebound.
0:43 of 2nd period - Slapshot by Elias Lindholm.
0:43 of 2nd period - Shot Misses the Net.
0:45 of 2nd period - Snap shot by Elias Lindholm.
0:45 of 2nd period - Shot Misses the Net.
2:05 of 2nd period - Slapshot by Quinton Howden.
2:05 of 2nd period - Shot Misses the Net.
2:07 of 2nd period - Snap shot by Quinton Howden.
2:07 of 2nd period - Shot Blocked by Mike Reilly.
2:09 of 2nd period - Snap shot by Jerry D'Amigo.
2:09 of 2nd period - Stopped by Joe Cannata with a rebound.
2:26 of 2nd period - Mike Reilly is hit by Elias Lindholm and loses puck.
3:07 of 2nd period - Nick Mattson is hit by Griffin Reinhart and loses puck.
3:52 of 2nd period - Slapshot by Elias Lindholm.
3:52 of 2nd period - Shot Misses the Net.
3:54 of 2nd period - Slapshot by Elias Lindholm.
3:54 of 2nd period - Shot Misses the Net.
3:56 of 2nd period - Slapshot by Michal Jordan.
3:56 of 2nd period - Stopped by Joe Cannata with a rebound.
3:58 of 2nd period - Wrist shot by Tom Kuhnhackl.
3:58 of 2nd period - Stopped by Joe Cannata without a rebound.
3:59 of 2nd period - Elias Lindholm wins face-off versus Mike Amadio in Icehogs zone.
4:39 of 2nd period - Backhand shot by Elias Lindholm.
4:39 of 2nd period - Stopped by Joe Cannata without a rebound.
4:40 of 2nd period - Quinton Howden wins face-off versus Michael Chaput in Icehogs zone.
4:44 of 2nd period - Minor Penalty to Craig Cunningham for Hooking.
4:45 of 2nd period - Frederik Gauthier wins face-off versus Quinton Howden in Icehogs zone.
4:53 of 2nd period - Snap shot by Quinton Howden.
4:53 of 2nd period - Goal by Quinton Howden - Thunderbirds : 3 - Icehogs : 2.
4:54 of 2nd period - Quinton Howden wins face-off versus Frederik Gauthier in neutral zone.
4:57 of 2nd period - Slapshot by Niklas Hansson.
4:57 of 2nd period - Stopped by Joe Cannata with a rebound.
5:24 of 2nd period - Slapshot by John Draeger.
5:24 of 2nd period - Stopped by Joe Cannata without a rebound.
5:25 of 2nd period - Michael Chaput wins face-off versus Elias Lindholm in Icehogs zone.
5:52 of 2nd period - Jerry D'Amigo is hit by Andrew Mangiapane and loses puck.
5:57 of 2nd period - Snap shot by Kevin Fiala.
5:57 of 2nd period - Shot Misses the Net.
6:01 of 2nd period - Wrist shot by Andrew Mangiapane.
6:01 of 2nd period - Shot Blocked by Jerry D'Amigo.
6:19 of 2nd period - Slapshot by Frederik Gauthier.
6:19 of 2nd period - Shot Blocked by Michal Jordan.
6:21 of 2nd period - Backhand shot by Stefan Matteau.
6:21 of 2nd period - Stopped by Carter Hutton with a rebound.
6:23 of 2nd period - Snap shot by Stefan Matteau.
6:23 of 2nd period - Stopped by Carter Hutton with a rebound.
6:35 of 2nd period - Mitchell Heard is hit by Michael Chaput and loses puck.
6:44 of 2nd period - Snap shot by Mitchell Heard.
6:44 of 2nd period - Shot Misses the Net.
7:18 of 2nd period - Wrist shot by Hudson Fasching.
7:18 of 2nd period - Shot Misses the Net.
7:24 of 2nd period - Roberts Lipsbergs is hit by Petter Granberg and loses puck.
8:40 of 2nd period - Wrist shot by Michael Chaput.
8:40 of 2nd period - Shot Misses the Net.
8:42 of 2nd period - Wrist shot by Michael Chaput.
8:42 of 2nd period - Shot Misses the Net.
8:44 of 2nd period - Snap shot by Craig Cunningham.
8:44 of 2nd period - Deflect By Curtis Lazar.
8:44 of 2nd period - Shot Blocked by Jake Walman.
8:44 of 2nd period - Puck is out of play.
8:45 of 2nd period - Quinton Howden wins face-off versus Frederik Gauthier in Thunderbirds zone.
8:45 of 2nd period - Quinton Howden is hit by Frederik Gauthier.
9:11 of 2nd period - Andrew Mangiapane is hit by Matt Puempel and loses puck.
9:34 of 2nd period - Snap shot by Michal Jordan.
9:34 of 2nd period - Stopped by Joe Cannata with a rebound.
9:52 of 2nd period - Kirill Kaprizov is hit by Mike Amadio and loses puck.
10:08 of 2nd period - Off-side.
10:09 of 2nd period - Tanner Richard wins face-off versus Elias Lindholm in neutral zone.
10:12 of 2nd period - Niklas Hansson is hit by Kevin Fiala and loses puck.
10:21 of 2nd period - Wrist shot by Kevin Fiala.
10:21 of 2nd period - Shot Misses the Net.
10:31 of 2nd period - Mikhail Grigorenko is hit by Kirill Kaprizov.
10:40 of 2nd period - Griffin Reinhart is hit by Mikhail Grigorenko and loses puck.
10:51 of 2nd period - Frederik Gauthier is hit by Niklas Hansson and loses puck.
12:03 of 2nd period - Mikhail Grigorenko is hit by Griffin Reinhart.
13:50 of 2nd period - Icing by Mitchell Heard.
13:51 of 2nd period - Mitchell Heard wins face-off versus Dillon Dube in Thunderbirds zone.
13:56 of 2nd period - Matt Puempel is hit by Dillon Dube and loses puck.
14:32 of 2nd period - Slapshot by Tanner Laczynski.
14:32 of 2nd period - Stopped by Joe Cannata without a rebound.
14:33 of 2nd period - Tanner Richard wins face-off versus Tanner Laczynski in Icehogs zone.
14:40 of 2nd period - Slapshot by Nicklas Jensen.
14:40 of 2nd period - Stopped by Joe Cannata without a rebound.
14:41 of 2nd period - Quinton Howden wins face-off versus Tanner Richard in Icehogs zone.
14:46 of 2nd period - Wrist shot by Jerry D'Amigo.
14:46 of 2nd period - Stopped by Joe Cannata with a rebound.
14:48 of 2nd period - Wrist shot by Kirill Kaprizov.
14:48 of 2nd period - Deflect By Quinton Howden.
14:48 of 2nd period - Shot Blocked by Kevin Fiala.
14:48 of 2nd period - Kevin Fiala from Icehogs is injured at 14:48 of 2nd period (Bruised Left Arm).
14:49 of 2nd period - Quinton Howden wins face-off versus Frederik Gauthier in Icehogs zone.
14:52 of 2nd period - Slapshot by Jerry D'Amigo.
14:52 of 2nd period - Shot Misses the Net.
16:59 of 2nd period - Snap shot by Tanner Richard.
16:59 of 2nd period - Stopped by Carter Hutton without a rebound.
17:00 of 2nd period - Frederik Gauthier wins face-off versus Mitchell Heard in Thunderbirds zone.
17:14 of 2nd period - Viktor Baldayev is hit by Duncan Siemens and loses puck.
17:31 of 2nd period - Snap shot by Quinton Howden.
17:31 of 2nd period - Shot Blocked by Mikhail Grigorenko.
17:48 of 2nd period - Mike Reilly is hit by Matt Puempel and loses puck.
19:18 of 2nd period - Slapshot by Michal Jordan.
19:18 of 2nd period - Stopped by Joe Cannata without a rebound.
19:19 of 2nd period - Tanner Richard wins face-off versus Matt Puempel in Icehogs zone.
19:19 of 2nd period - Tanner Richard is hit by Matt Puempel.
19:45 of 2nd period - Jerry D'Amigo is hit by Stefan Matteau and loses puck.
19:54 of 2nd period - Wrist shot by Quinton Howden.
19:54 of 2nd period - Stopped by Joe Cannata with a rebound.
Goals for this period are 1 for Thunderbirds vs 0 for Icehogs.
Shots for this period are 15 for Thunderbirds vs 5 for Icehogs.
3rd period
0:01 of 3rd period - Frederik Gauthier wins face-off versus Quinton Howden in neutral zone.
0:11 of 3rd period - Minor Penalty to Quinton Howden for High sticking.
0:12 of 3rd period - Kirill Kaprizov wins face-off versus Stefan Matteau in Thunderbirds zone.
0:56 of 3rd period - Minor Penalty to Kirill Kaprizov for Tripping.
0:57 of 3rd period - Frederik Gauthier wins face-off versus Elias Lindholm in Thunderbirds zone.
1:10 of 3rd period - John Draeger is hit by Frederik Gauthier and loses puck.
1:23 of 3rd period - John Draeger is hit by Craig Cunningham and loses puck.
2:11 of 3rd period - Penalty to Quinton Howden is over, Quinton Howden is back on ice.
2:47 of 3rd period - Icing by Petter Granberg.
2:48 of 3rd period - Curtis Lazar wins face-off versus Quinton Howden in Icehogs zone.
2:56 of 3rd period - Penalty to Kirill Kaprizov is over, Kirill Kaprizov is back on ice.
3:03 of 3rd period - Tom Kuhnhackl is hit by Andrew Mangiapane and loses puck.
3:24 of 3rd period - Tom Kuhnhackl is hit by Kurtis Gabriel and loses puck.
3:34 of 3rd period - John Draeger is hit by Mike Reilly and loses puck.
3:47 of 3rd period - Slapshot by Niklas Hansson.
3:47 of 3rd period - Stopped by Joe Cannata without a rebound.
3:48 of 3rd period - Frederik Gauthier wins face-off versus Tanner Laczynski in Icehogs zone.
3:53 of 3rd period - Snap shot by Stefan Matteau.
3:53 of 3rd period - Shot Misses the Net.
4:22 of 3rd period - Off-side.
4:23 of 3rd period - Curtis Lazar wins face-off versus Mitchell Heard in neutral zone.
4:28 of 3rd period - Niklas Hansson is hit by Craig Cunningham and loses puck.
4:41 of 3rd period - Michael Chaput is hit by Mitchell Heard and loses puck.
5:36 of 3rd period - Wrist shot by Frederik Gauthier.
5:36 of 3rd period - Stopped by Carter Hutton without a rebound.
5:37 of 3rd period - Stefan Matteau wins face-off versus Tanner Laczynski in Thunderbirds zone.
5:49 of 3rd period - Double Minor Penalty to John Draeger for Slashing.
5:50 of 3rd period - Quinton Howden wins face-off versus Frederik Gauthier in Thunderbirds zone.
5:50 of 3rd period - Quinton Howden is hit by Frederik Gauthier.
7:30 of 3rd period - Minor Penalty to Craig Cunningham for Slashing.
7:31 of 3rd period - Frederik Gauthier wins face-off versus Quinton Howden in Icehogs zone.
8:01 of 3rd period - Icing by Frederik Gauthier.
8:02 of 3rd period - Frederik Gauthier wins face-off versus Elias Lindholm in Icehogs zone.
8:59 of 3rd period - Mitchell Heard is hit by Nick Mattson and loses puck.
9:16 of 3rd period - Michal Jordan is hit by Andrew Mangiapane and loses puck.
9:30 of 3rd period - Penalty to Craig Cunningham is over, Craig Cunningham is back on ice.
9:49 of 3rd period - Penalty to John Draeger is over, John Draeger is back on ice.
10:02 of 3rd period - Slapshot by Frederik Gauthier.
10:02 of 3rd period - Goal by Frederik Gauthier - Thunderbirds : 3 - Icehogs : 3.
10:03 of 3rd period - Michael Chaput wins face-off versus Elias Lindholm in neutral zone.
10:28 of 3rd period - Andrew Mangiapane is hit by Niklas Hansson and loses puck.
10:57 of 3rd period - Duncan Siemens is hit by Jerry D'Amigo and loses puck.
11:28 of 3rd period - Jake Walman is hit by Stefan Matteau and loses puck.
11:39 of 3rd period - Mitchell Heard is hit by Michael Chaput and loses puck.
11:50 of 3rd period - Jake Walman is hit by Petter Granberg and loses puck.
11:59 of 3rd period - Dillon Dube is hit by Quinton Howden and loses puck.
12:14 of 3rd period - Tom Kuhnhackl is hit by Petter Granberg and loses puck.
12:31 of 3rd period - Stefan Matteau is hit by Artur Kayumov and loses puck.
12:40 of 3rd period - Niklas Hansson is hit by Michael Chaput and loses puck.
13:14 of 3rd period - Off-side.
13:15 of 3rd period - Frederik Gauthier wins face-off versus Elias Lindholm in neutral zone.
13:17 of 3rd period - Petter Granberg is hit by John Draeger and loses puck.
13:30 of 3rd period - Petter Granberg is hit by Tom Kuhnhackl.
13:36 of 3rd period - Minor Penalty to Stefan Matteau for Hooking.
13:37 of 3rd period - Frederik Gauthier wins face-off versus Quinton Howden in Icehogs zone.
13:52 of 3rd period - Snap shot by Quinton Howden.
13:52 of 3rd period - Shot Blocked by Mike Reilly.
15:36 of 3rd period - Penalty to Stefan Matteau is over, Stefan Matteau is back on ice.
15:53 of 3rd period - Mikhail Grigorenko is hit by Mitchell Heard and loses puck.
16:53 of 3rd period - Slapshot by Hudson Fasching.
16:53 of 3rd period - Shot Misses the Net.
16:55 of 3rd period - Snap shot by Mitchell Heard.
16:55 of 3rd period - Goal by Mitchell Heard - Thunderbirds : 4 - Icehogs : 3.
16:56 of 3rd period - Tanner Richard wins face-off versus Mitchell Heard in neutral zone.
16:58 of 3rd period - Off-side.
16:59 of 3rd period - Tanner Richard wins face-off versus Mitchell Heard in neutral zone.
18:00 of 3rd period - Snap shot by Jerry D'Amigo.
18:00 of 3rd period - Stopped by Joe Cannata without a rebound.
18:01 of 3rd period - Mitchell Heard wins face-off versus Curtis Lazar in Icehogs zone.
18:16 of 3rd period - Wrist shot by Roberts Lipsbergs.
18:16 of 3rd period - Shot Blocked by Curtis Lazar.
18:56 of 3rd period - Wrist shot by Quinton Howden.
18:56 of 3rd period - Stopped by Joe Cannata with a rebound.
18:58 of 3rd period - Snap shot by John Draeger.
18:58 of 3rd period - Stopped by Joe Cannata with a rebound.
19:04 of 3rd period - Wrist shot by Quinton Howden.
19:04 of 3rd period - Stopped by Joe Cannata without a rebound.
19:05 of 3rd period - Doug Gilmour call a timeout for Icehogs.
19:05 of 3rd period - Frederik Gauthier wins face-off versus Quinton Howden in Icehogs zone.
19:05 of 3rd period - Frederik Gauthier is hit by Niklas Hansson.
19:24 of 3rd period - Minor Penalty to Stefan Matteau for Holding.
19:25 of 3rd period - Frederik Gauthier wins face-off versus Quinton Howden in Icehogs zone.
19:29 of 3rd period - Minor Penalty to Niklas Hansson for Hooking.
19:30 of 3rd period - Frederik Gauthier wins face-off versus Quinton Howden in Thunderbirds zone.
19:31 of 3rd period - Icehogs, Joe Cannata is pulled from the net.
19:31 of 3rd period - Slapshot by Michael Chaput.
19:31 of 3rd period - Stopped by Carter Hutton without a rebound.
19:32 of 3rd period - Frederik Gauthier wins face-off versus Quinton Howden in Thunderbirds zone.
19:41 of 3rd period - Snap shot by Michael Chaput.
19:41 of 3rd period - Shot Misses the Net.
Goals for this period are 1 for Thunderbirds vs 1 for Icehogs.
Shots for this period are 6 for Thunderbirds vs 3 for Icehogs.